 Dungeon Crawl Stone Soup version 0.32-a0-128-g77eb882913 (webtiles) character file.

Game seed: 15492414306894697019

10531 Ge0ff the Basher (level 11, 0/86 HPs)
             Began as a Mummy Reaver on Feb 8, 2024.
             Was a Follower of Yredelemnul.
             Slain by a death yak (10 damage)
             ... on level 10 of the Dungeon.
             The game lasted 00:26:11 (13670 turns).

Ge0ff the Basher (Mummy Reaver)                    Turns: 13670, Time: 00:26:12

Health: 0/86       AC: 14    Str: 20    XL:     11   Next: 37%
Magic:  15/15      EV:  6    Int: 13    God:    Yredelemnul [*.....]
Gold:   1586       SH:  0    Dex: 10    Spells: 14/15 levels left

rFire   . . .        a - +2 dire flail (freeze)
rCold   + . .        (shield currently unavailable)
rNeg    + + +        j - +0 plate armour
rPois   ∞            (no helmet)
rElec   .            Q - +1 cloak {rPois}
rCorr   .            (no gloves)
SInv    .            (no boots)
Will    +....        (no amulet) Stlth
                     l - ring of protection from fire {=R}
HPRegen 0.34/turn    N - ring of flight
MPRegen 0.14/turn

%: faith
@: about to teleport, flying
A: cold resistance 1, negative energy resistance 3, torment resistance 2, heat
vulnerability 1, in touch with death 1, no potions, faith
a: Renounce Religion, Recall Undead Harvest


You were on level 10 of the Dungeon.
You worshipped Yredelemnul.
Yredelemnul was noncommittal.
You visited 2 branches of the dungeon, and saw 11 of its levels.
You also visited: Bailey.

You collected 1643 gold pieces.
You spent 57 gold pieces at shops.

Inventory:

Hand Weapons
 a - a +2 dire flail of freezing (weapon)
 b - a +2 whip of venom
 h - a +0 spear
 q - a +0 glaive
 u - a +2 trident
 w - a +5 halberd
 x - a +0 glaive
 A - a +0 shortbow
 C - a +0 broad axe
 D - a +3 morningstar of freezing
 F - a +4 scimitar of freezing
 G - a +1 flail
 H - a +3 hammer of protection
 O - a +1 dagger of venom
 P - a +4 quarterstaff of chaos
 S - the +4 dagger "Lutwyffa" {freeze, rCorr}
   (You found it on level 10 of the Dungeon)

   rCorr:     It protects you from acid and corrosion.
 Y - a +0 flail
Missiles
 c - 47 poisoned darts (quivered)
 g - 98 stones
 v - 5 curare-tipped darts {=F}
 J - a boomerang
Armour
 j - a +0 plate armour (worn)
 z - the +1 buckler of Polytheism {rC++}
   (You found it on level 9 of the Dungeon)

   rC++:      It greatly protects you from cold.
 Q - a +1 cloak of poison resistance (worn)
 R - a +0 chain mail
Jewellery
 l - a ring of protection from fire (left hand) {=R}
 L - a ring of protection from fire
 N - a ring of flight (right hand)
 U - a ring of magical power
Wands
 f - a wand of flame (25)
Scrolls
 B - 4 scrolls of blinking
 E - a scroll of fear
 I - 2 scrolls of brand weapon
 K - 3 scrolls of amnesia
 M - 2 scrolls of silence {unknown}
 T - 2 scrolls of teleportation
 V - a scroll of enchant armour {unknown}
 W - 2 scrolls of noise {unknown}
 X - a scroll of immolation {unknown}
 Z - a scroll of enchant weapon {unknown}


   Skills:
 + Level 8.0 Fighting
 * Level 9.3 Maces & Flails
 - Level 4.5 Polearms
 - Level 1.0 Throwing
 - Level 5.0 Armour
 - Level 1.5 Dodging
 - Level 2.6 Spellcasting
 - Level 2.4 Conjurations
 + Level 6.1 Invocations
 - Level 5.0 Evocations


You had 14 spell levels left.
You knew the following spells:

 Your Spells              Type           Power      Damage    Failure   Level
E - Kiss of Death         Conj/Necr      28%        2d7       98%         1

Your spell library contained the following spells:

 Spells                   Type           Power      Damage    Failure   Level
 Magic Dart               Conj           32%        1d4       92%         1
 Momentum Strike          Conj/Tloc      8%         3d8       99%         2
 Blink                    Tloc           2%         N/A       100%        2
 Call Imp                 Summ           2%         N/A       100%        2
 Hailstorm                Conj/Ice       4%         3d5       100%        3
 Inner Flame              Hex/Fire       1%         N/A       100%        3
 Stone Arrow              Conj/Erth      8%         3d7       100%        3
 Tukima's Dance           Hex            1%         N/A       100%        3
 Volatile Blastmotes      Fire/Tloc      2%         2d10      100%        3
 Animate Armour           Summ/Erth      2%         N/A       100%        4
 Dimensional Bullseye     Hex/Tloc       0%         N/A       100%        4
 Fulminant Prism          Conj/Alch      2%         3d5       100%        4
 Iskenderun's Mystic Bla  Conj/Tloc      4%         2d3       100%        4
 Manifold Assault         Tloc           1%         N/A       100%        4
 Irradiate                Conj/Alch      2%         3d12      100%        5
 Dispersal                Tloc           0%         N/A       100%        6
 Disjunction              Tloc           0%         N/A       100%        8
 Ignition                 Fire           0%         3d3       100%        8
 Lehudib's Crystal Spear  Conj/Erth      2%         10d2      100%        8


Dungeon Overview and Level Annotations

Branches:
Dungeon (10/15) Zot: 24890  Temple (1/1) D:5 Zot: 5969    Lair (0/5) D:10
 Bailey (visited)
    Orc: D:9-12

Altars:
Ashenzari
Cheibriados
Dithmenos
Fedhas
Gozag
Hepliaklqana
Kikubaaqudgha
Makhleb
Nemelex Xobeh
Okawaru
Qazlal
Ru
Sif Muna
Trog
Uskayaw
Vehumet
Wu Jian
Xom
Yredelemnul

Shops:
D:6 :   D:8 *   D:9 !

Portals:
Trove: D:10 (give 2 scrolls of acquirement)

Annotations:
D:10 exclusion: ogre, Lodul


Innate Abilities, Weirdness & Mutations

You are immune to poison.
Your flesh is cold resistant. (rC+)
You are immune to negative energy. (rN+++)
You are immune to unholy pain and torment.
You are vulnerable to heat. (rF-)
You are in touch with the powers of death.
You do not drink.
You have a special connection with the divine. (Faith)


Message History

The death yak barely misses you.
The death yak bellows!
You sock the death yak! You freeze the death yak.
The death yak is moderately wounded.
Your two-headed ogre zombie hits the death yak.
Your two-headed ogre zombie barely misses the death yak.
You hit the death yak. You freeze the death yak.
The death yak is moderately wounded.
Your killer bee zombie hits the death yak but does no damage.
The death yak gores you!
Your killer bee zombie hits the death yak. x2
You bludgeon the death yak!! You freeze the death yak.
The death yak is heavily wounded.
Your killer bee zombie hits the death yak.
The death yak barely misses you.
Your two-headed ogre zombie hits the death yak.
Your two-headed ogre zombie barely misses the death yak.
Your killer bee zombie hits the death yak but does no damage.
The death yak gores your killer bee zombie!!
Your killer bee zombie is destroyed!
The death yak bellows!
You can no longer trade souls for undead servants.
You hit the death yak. You freeze the death yak.
The death yak is severely wounded.
Your killer bee zombie barely misses the death yak.
The death yak gores you!!
Your killer bee zombie hits the death yak.
As you read the scroll of fear, it crumbles to dust.
You assume a fearsome visage.
The death yak looks frightened!
The death yak resists with almost no effort. x2
Your killer bee zombie hits the death yak.
The death yak gores you but does no damage.
The death yak gores your killer bee zombie!!
Your killer bee zombie is destroyed!
You hit the death yak. You freeze the death yak.
The death yak is severely wounded.
The death yak barely misses you.
You hit the death yak. You freeze the death yak.
The death yak is severely wounded.
The death yak gores you!
* * * LOW HITPOINT WARNING * * *
You hit the death yak but do no damage.
The death yak is severely wounded.
As you read the scroll of teleportation, it crumbles to dust.
You feel strangely unstable. The death yak gores you!
* * * LOW HITPOINT WARNING * * *
The death yak attacks as it pursues you!
The death yak gores you!
You die...
You join the legions of the undead harvest.

#..........##*+*****,,
#....Y.Z.....,,,,,,*,,
#......^.....,,,,,,*,,
#...<.#####.#****,,***
#....Z#...+..,,,,,,*
#....Y#...#,,,,,,,,*
#.###.#...#,,,,,,,,*
#.# #Y#...#,,,,,,,,*
#.###@#...#,,,,,,,,*
#.....###.#,,,,,,,,*
#......Z#Z###*******
#.###...#ZZ.#,,,,*
#.###...'.Z.#,,,,*
#.......#...#,,,,*
#.......#####+########
#.........Z...........
#..##.....ZZZ.........


You could see 3 death yaks and a friendly two-headed ogre zombie.

Vanquished Creatures
  2 vault guards (Bailey)
  A hydra (D:8)
  A two-headed ogre (D:10)
  2 death yaks
  An unseen horror (D:10)
  Prince Ribbit (Bailey)
  A dream sheep (D:8)
  A yak (D:8)
  3 wyverns
  3 humans (Bailey)
  A vampire mosquito (D:9)
  2 sky beasts
  4 orc warriors
  2 ogres (D:5)
  2 centaurs
  A phantom (D:5)
  3 kobold brigands
  11 bullfrogs
  A scorpion (D:7)
  13 wights
  5 killer bees
  3 howler monkeys
  3 orc priests
  4 bombardier beetles
  Crazy Yiuf (D:5)
  4 hounds
  2 jellies
  3 iguanas
  4 orc wizards
  4 gnolls
  3 adders
  A white imp (D:6)
  3 ufetubi
  A ribbon worm (D:3)
  2 dart slugs
  20 orcs
  6 bats
  8 endoplasms
  A giant cockroach (D:1)
  12 goblins
  7 hobgoblins
  20 kobolds
  4 quokkas
  6 ball pythons
  5 frilled lizards
  2 rats (D:2)
190 creatures vanquished.

Vanquished Creatures (collateral kills)
  A dream sheep (D:8)
  3 yaks (D:8)
  A vampire mosquito (D:9)
  2 orc warriors
  2 kobold brigands
  2 bullfrogs
  A scorpion (D:7)
  2 wights
  2 killer bees (D:10)
  A hound (D:6)
  2 orc priests (D:6)
  A sleepcap (D:7)
  An orc wizard (D:7)
  An ufetubus (D:6)
  7 orcs
  3 goblins (Bailey)
  A kobold (D:7)
  A quokka (D:5)
34 creatures vanquished.

Vanquished Creatures (others)
  An unseen horror zombie (D:10)
  A wyvern zombie (D:10)
  7 bullfrog zombies
  An orc wizard (D:7)
  4 killer bee zombies
  A sky beast zombie (D:7)
  3 hound zombies (D:6)
  An iguana zombie (D:5)
  A spectral white imp (D:6)
  2 bombardier beetle zombies
  3 goblin zombies
  A hobgoblin zombie (Bailey)
  4 kobold zombies
  10 orc zombies
  3 spectral ufetubi
43 creatures vanquished.

Grand Total: 267 creatures vanquished

Notes
Turn   | Place    | Note
-------+----------+-------------------------------------------
     0 | D:1      | Ge0ff the Mummy Reaver began the quest for the Orb.
     0 | D:1      | Reached XP level 1. HP: 16/16 MP: 4/4
   193 | D:1      | Reached XP level 2. HP: 22/22 MP: 5/5
   480 | D:1      | Reached XP level 3. HP: 27/28 MP: 7/7
  1394 | D:3      | Found a bloodstained altar of Trog.
  1394 | D:3      | Found a shimmering blue altar of Sif Muna.
  1663 | D:3      | Reached XP level 4. HP: 35/35 MP: 8/8
  1818 | D:3      | Found an opulent altar of Gozag.
  1818 | D:3      | Found a hide-covered altar of Uskayaw.
  1949 | D:3      | Identified a scroll of acquirement
  1949 | D:3      | Acquired 908 gold pieces
  1996 | D:3      | Reached skill level 1 in Armour
  2317 | D:3      | Found a hide-covered altar of Uskayaw.
  2321 | D:3      | Found an opulent altar of Gozag.
  2321 | D:3      | Found a shimmering blue altar of Sif Muna.
  2322 | D:3      | Found a bloodstained altar of Trog.
  2796 | D:4      | Reached XP level 5. HP: 33/41 MP: 9/9
  3170 | D:4      | Reached skill level 1 in Maces & Flails
  3781 | D:5      | Entered Level 5 of the Dungeon
  3801 | D:4      | Reached XP level 6. HP: 20/47 MP: 10/10
  3918 | D:5      | Reached skill level 2 in Maces & Flails
  4088 | D:5      | Reached skill level 3 in Maces & Flails
  4093 | D:5      | Found a staircase to the Ecumenical Temple.
  4102 | Temple   | Entered the Ecumenical Temple
  4117 | Temple   | Became a worshipper of Yredelemnul the Dark
  4522 | D:5      | Found a runed translucent door.
  4523 | D:5      | Noticed Crazy Yiuf
  4543 | D:5      | Killed Crazy Yiuf
  4544 | D:5      | Reached XP level 7. HP: 17/52 MP: 11/11
  5008 | D:5      | Reached skill level 1 in Evocations
  5259 | D:6      | Found Ulainuh's Book Boutique.
  5402 | D:6      | Reached * piety under Yredelemnul
  5402 | D:6      | Reached skill level 4 in Maces & Flails
  5586 | D:6      | Noticed a rust devil
  5587 | D:6      | Noticed a rust devil
  6136 | D:6      | Reached skill level 1 in Invocations
  6149 | D:6      | Reached ** piety under Yredelemnul
  6465 | D:6      | Reached XP level 8. HP: 15/60 MP: 12/12
  7120 | D:7      | Reached skill level 5 in Maces & Flails
  7384 | D:7      | Reached *** piety under Yredelemnul
  7385 | D:7      | Reached skill level 5 in Fighting
  7406 | D:7      | Reached **** piety under Yredelemnul
  7607 | D:7      | Reached XP level 9. HP: 34/68 MP: 13/13
  7624 | D:7      | Reached ***** piety under Yredelemnul
  8206 | D:8      | Reached skill level 6 in Maces & Flails
  8210 | D:8      | Found Mododdoona's Assorted Antiques.
  8293 | D:8      | Bought a scroll labelled YPOANWUPYST for 19 gold pieces
  8293 | D:8      | Bought a scroll labelled SOXISE KINYU for 19 gold pieces
  8293 | D:8      | Bought a scroll labelled BYURHIRAES for 19 gold pieces
  9391 | D:8      | Reached skill level 7 in Maces & Flails
  9406 | D:8      | Noticed a three-headed hydra
  9408 | D:8      | Reached XP level 10. HP: 69/76 MP: 14/14
  9411 | D:8      | Killed a three-headed hydra
 10120 | D:9      | Found Baoshry's Distillery.
 10131 | D:9      | Identified the +1 buckler of Polytheism {rC++}
 10719 | D:9      | Found a shimmering altar of Xom.
 10806 | D:10     | Entered Level 10 of the Dungeon
 10812 | D:10     | Noticed Lodul
 10828 | D:10     | Found a flagged portal.
 10843 | Bailey   | Entered a bailey
 10853 | Bailey   | Reached skill level 5 in Armour
 10961 | Bailey   | Reached skill level 5 in Invocations
 11122 | Bailey   | Reached skill level 8 in Maces & Flails
 11334 | Bailey   | Noticed Prince Ribbit
 11334 | Bailey   | Noticed a vault guard
 11338 | Bailey   | Killed Prince Ribbit
 11352 | Bailey   | Killed a vault guard
 11353 | Bailey   | Reached skill level 5 in Evocations
 11544 | Bailey   | Noticed a vault guard
 11552 | Bailey   | Killed a vault guard
 11553 | Bailey   | Reached XP level 11. HP: 84/84 MP: 15/15
 11635 | D:10     | Noticed a two-headed ogre
 11636 | D:10     | Noticed a death yak
 11701 | D:9      | Killed a death yak
 12054 | D:10     | Found a portal to a secret trove of treasure.
 12111 | D:10     | Identified the +4 dagger "Lutwyffa" {freeze, rCorr}
 12403 | D:10     | Noticed a death yak
 12430 | D:10     | Noticed a death yak
 12431 | D:10     | Noticed a death yak
 12432 | D:10     | Noticed a death yak
 12436 | D:10     | Killed a death yak
 12437 | D:10     | Reached skill level 9 in Maces & Flails
 12642 | D:10     | Found a staircase to the Lair.
 12686 | D:10     | Killed a two-headed ogre
 13065 | D:10     | Reached skill level 1 in Throwing
 13670 | D:10     | Slain by a death yak

Illustrated notes

Levels and vault maps discovered:
D:1:      dpeg_arrival_round_b, layout_rooms, minmay_misc_feat_secret_circle,
          st_stairs_10, serial_park_tiny_pond, ebering_dispersal_statue_hall
D:2:      layout_loops_cross
D:3:      layout_basic, grunt_temple_overflow_open, minivault_5
D:4:      layout_gridville
D:5:      layout_rooms, minmay_temple_entry_antechambers, serial_glass,
          glass_columns_b, glass_columns_a, glass_columns_a, glass_columns_a,
          corner_web_ring, grunt_tough_drop, uniq_crazy_yiuf_cottage
D:6:      cheibrodos_iron_armory, layout_basic, serial_shops, shop,
          minmay_misc_feat_five
D:7:      layout_basic, st_stairs_9, dreamdust_princess_corridor
D:8:      layout_basic, serial_shops, shop, hangedman_ranch
D:9:      layout_cave_pools, mainiacjoe_overflow_catwalk, serial_shops,
          nicolae_shop_temple_entry_statues_fountains,
          kennysheep_generic_room_13
D:10:     layout_stronghold, kennysheep_little_box, dpeg_lair_monsters,
          enter_trove_1, enter_bailey_3, uniq_lodul
Temple:   nicolae_temple_bog_church

Skill      XL: |  1  2  3  4  5  6  7  8  9 10 11 |
---------------+----------------------------------+-----
Polearms       | 3 4 |  4.5
Fighting       | 3 4 5 6 7 8 |  8.0
Armour         | 1 2 3 4 5 |  5.0
Maces & Flails | 1 3 4 5 7 8 9 |  9.3
Evocations     | 2 3 4 5 |  5.0
Invocations    | 1 2 4 5 6 |  6.1
Throwing       | 1 |  1.0
Dodging        | |  1.5
Spellcasting   | |  2.6
Conjurations   | |  2.4

Action                     |  1- 3 |  4- 6 |  7- 9 | 10-12 || total
---------------------------+-------+-------+-------+-------++-------
  Melee: Spear             |    34 |     4 |       |       ||    38
         Dagger            |    45 |       |       |       ||    45
         Whip              |    50 |   125 |   115 |     3 ||   293
         Punch             |     1 |     7 |    10 |     2 ||    20
         Mace              |       |       |    46 |       ||    46
         Morningstar       |       |       |    65 |       ||    65
         Dire flail        |       |       |    63 |   217 ||   280
  Throw: Dart              |       |     3 |     3 |     9 ||    15
  Evoke: Wand              |       |     1 |       |     7 ||     8
    Use: Scroll            |     1 |     5 |     3 |    10 ||    19
   Stab: Sleeping          |     1 |       |       |       ||     1
         Distracted        |       |       |     1 |       ||     1
         Paralysed         |       |       |       |     3 ||     3
 Armour: Leather armour    |    38 |       |       |       ||    38
         Chain mail        |    29 |    87 |    60 |       ||   176
         Plate armour      |       |       |   244 |   301 ||   545
  Dodge: Dodged            |    54 |    48 |   118 |    81 ||   301

Table legend: (Time is in decaauts)
 A = Elapsed time spent in this place.
 B = Non-inter-level travel time spent in this place.
 C = Inter-level travel time spent in this place.
 D = Time resting spent in this place.
 E = Time spent auto-exploring this place.
 F = Levels seen in this place.
 G = Mean time per level.
                   A        B        C        D        E       F      G
               +--------+--------+--------+--------+--------+-----+--------+
         Total |  13650 |  13179 |    471 |   1423 |   9038 |  12 | 1137.5 |
       Dungeon |  12886 |  12444 |    442 |   1304 |   8605 |  10 | 1288.6 |
        Temple |     30 |      1 |     29 |      0 |      0 |   1 |   30.0 |
        Bailey |    732 |    732 |      0 |    119 |    433 |   1 |  732.0 |
               +--------+--------+--------+--------+--------+-----+--------+

Top non-repeatable levels by time:
     D:8: 1764 daAuts
    D:10: 1699 daAuts
     D:6: 1554 daAuts
     D:7: 1499 daAuts
     D:3: 1371 daAuts
     D:9: 1280 daAuts
     D:5: 1181 daAuts
     D:4: 1153 daAuts
     D:2: 799 daAuts
  Bailey: 732 daAuts
     D:1: 582 daAuts
  Temple: 30 daAuts
